 Dungeon Crawl Stone Soup version 0.29-a0-728-g6bb282b620 (webtiles) character file.

Game seed: 16159839963165428280

9744 Bruhh the Frost Mage (level 11, -1/68 HPs)
             Began as a Human Conjurer on June 29, 2022.
             Was a Follower of Ashenzari.
             Slain by a two-headed ogre
             ... wielding a +0 giant club
              (30 damage)
             ... on level 10 of the Dungeon.
             The game lasted 00:29:30 (15844 turns).

Bruhh the Frost Mage (Human Conjurer)              Turns: 15844, Time: 00:29:31

Health: -1/68      AC:  3    Str: 15    XL:     11   Next: 80%
Magic:  5/25       EV: 12    Int: 22    God:    Ashenzari [*.....]
Gold:   766        SH:  0    Dex: 11    Spells: 19/30 levels left

rFire   . . .      SeeInvis +   t - +2 flail (protect)
rCold   . . .      Faith    .   (no shield)
rNeg    . . .      Spirit   .   j - +0 robe "Deffomn" {+Inv Will+ Stlth+}
rPois   .          Reflect  .   (no helmet)
rElec   .          Harm     .   e - +0 cloak
rCorr   .          Rampage  .   (no gloves)
Will    +....                   (no boots)
Stlth   +++.......              i - amulet of the acrobat
HPRegen 0.21/turn               f - ring "Per Aspera Ad Scientiam" {Str+6, Elem, Self} (curse)
MPRegen 0.19/turn               o - ring of Ashenzari's Mutualism {SInv, Cun, Self} (curse)

@: no status effects
A: no striking features
a: Renounce Religion, Evoke Invisibility, Curse Item, Shatter the Chains


You were on level 10 of the Dungeon.
You worshipped Ashenzari.
Ashenzari was aware of your devotion.
You visited 1 branch of the dungeon, and saw 10 of its levels.

You collected 766 gold pieces.

Inventory:

Hand Weapons
 t - a +2 flail of protection (weapon)
Missiles
 C - a throwing net
Armour
 a - a +0 robe
 e - a +0 cloak (worn)
 j - the +0 robe "Deffomn" (worn) {+Inv Will+ Stlth+}
   (You found it on level 2 of the Dungeon)

   +Inv:      It lets you turn invisible.
   Will:      It increases your willpower.
   Stlth:     It makes you more stealthy.
Magical Staves
 b - a staff of earth
Jewellery
 f - the cursed ring "Per Aspera Ad Scientiam" (left hand) {Str+6, Elem, Self}
   (You found it on level 1 of the Dungeon)

   [ring of strength]

   Str:       It affects your strength (+6).
   It has a curse which improves the following skills: Elements: Fire Magic, Ice
   Magic, Air Magic and Earth Magic.
   Introspection: Fighting and Spellcasting.
 i - an amulet of the acrobat (around neck)
 o - the cursed ring of Ashenzari's Mutualism (right hand) {SInv, Cun, Self}
   (You took it off an orc on level 3 of the Dungeon)

   [ring of see invisible]

   SInv:      It lets you see invisible.
   It has a curse which improves the following skills: Cunning: Dodging and
   Stealth.
   Introspection: Fighting and Spellcasting.
Wands
 s - a wand of charming (1)
 u - a wand of iceblast (22)
 x - a wand of mindburst (9)
 y - a wand of acid (8)
Scrolls
 d - a scroll of immolation
 h - 2 scrolls of silence
 q - a scroll of fog
 w - 2 scrolls of magic mapping
 A - a scroll of enchant weapon
 D - a scroll of enchant armour
Potions
 c - 4 potions of curing
 g - a potion of haste
 k - a potion of berserk rage
 l - 4 potions of brilliance
 m - 3 potions of lignification
 n - 2 potions of cancellation
 p - a potion of flight
 r - a potion of might
 v - 3 potions of mutation
 z - a potion of heal wounds


   Skills:
 - Level 2.1(2.8) Dodging
 - Level 2.1(2.8) Stealth
 - Level 8.6(10.0) Spellcasting
 - Level 7.0 Conjurations
 - Level 6.0 Hexes
 - Level 6.0 Translocations
 + Level 3.1 Transmutations
 + Level 10.7(11.5) Ice Magic


You had 19 spell levels left.
You knew the following spells:

 Your Spells              Type           Power      Damage    Failure   Level
a - Magic Dart            Conj           100%       1d8       1%          1
b - Searing Ray           Conj           82%        2d7       1%          2
c - Fulminant Prism       Conj/Hex       19%        3d11      4%          4
d - Iskenderun's Mystic   Conj/Tloc      39%        2d9       4%          4

Your spell library contained the following spells:

 Spells                   Type           Power      Damage    Failure   Level
 Apportation              Tloc           74%        N/A       1%          1
 Slow                     Hex            100%       N/A       1%          1
 Blink                    Tloc           74%        N/A       1%          2
 Ensorcelled Hibernation  Hex/Ice        98%        N/A       1%          2
 Confusing Touch          Hex            37%        N/A       1%          3
 Dazzling Flash           Conj/Hex       78%        N/A       1%          3
 Lesser Beckoning         Tloc           37%        N/A       1%          3
 Ozocubu's Armour         Ice            58%        N/A       1%          3
 Static Discharge         Conj/Air       26%        N/A       2%          2
 Metabolic Englaciation   Hex/Ice        24%        N/A       4%          5
 Necrotize                Necr           44%        1d6       6%          1
 Summon Small Mammal      Summ           44%        N/A       6%          1
 Mephitic Cloud           Conj/Pois/Air  21%        N/A       7%          3
 Call Imp                 Summ           11%        N/A       9%          2
 Spider Form              Tmut/Pois      17%        N/A       10%         3
 Manifold Assault         Tloc           37%        N/A       14%         5
 Anguish                  Hex/Necr       12%        N/A       17%         4
 Vampiric Draining        Necr           11%        2d6       19%         3
 Irradiate                Conj/Tmut      16%        3d18      21%         5
 Lightning Bolt           Conj/Air       13%        1d26      36%         5
 Blade Hands              Tmut           12%        N/A       41%         5
 Ozocubu's Refrigeration  Ice            29%        4d10      41%         7
 Olgreb's Toxic Radiance  Pois           11%        N/A       52%         4
 Simulacrum               Ice/Necr       18%        N/A       65%         6
 Dragon Form              Tmut           12%        N/A       100%        7
 Ignition                 Fire           5%         3d4       100%        8
 Maxwell's Capacitive Co  Air            5%         ∞         100%        8


Dungeon Overview and Level Annotations

Branches:
Dungeon (10/15)            Temple (0/1) D:4            Lair (0/6) D:8
    Orc (0/2) D:9

Altars:
Ashenzari
Dithmenos
Elyvilon
Hepliaklqana
Makhleb
Wu Jian


Message History

The mystic blast hits the two-headed ogre.
The two-headed ogre is moderately wounded.
The two-headed ogre is knocked back by the mystic blast.
Unknown command.
Casting: Iskenderun's Mystic Blast (dangerous; 4% risk of failure)
Confirm with . or Enter, or press ? or * to list all spells.
You erupt in a blast of force!
The mystic blast hits the two-headed ogre but does no damage.
The two-headed ogre is moderately wounded.
The two-headed ogre hits you with a +0 giant club!!
The two-headed ogre hits you with a +0 giant club!
Casting: Iskenderun's Mystic Blast (dangerous; 4% risk of failure)
Confirm with . or Enter, or press ? or * to list all spells.
You erupt in a blast of force!
The mystic blast hits the two-headed ogre.
The two-headed ogre is moderately wounded.
The two-headed ogre is knocked back by the mystic blast.
Unknown command.
Casting: Iskenderun's Mystic Blast (dangerous; 4% risk of failure)
Confirm with . or Enter, or press ? or * to list all spells.
Okay, then.
Your magical contamination has completely faded away.
There is an escape hatch in the floor here.
Okay, then.
Aiming: Iceblast
Press: ? - help, Shift-Dir - straight line, f - two-headed ogre
Aim: a two-headed ogre, wielding two +0 giant clubs (moderately wounded)
The mass of ice explodes!
The iceblast engulfs the two-headed ogre!
The two-headed ogre is heavily wounded.
Unknown command.
Unknown command.
Casting: Iskenderun's Mystic Blast (dangerous; 4% risk of failure)
Confirm with . or Enter, or press ? or * to list all spells.
You erupt in a blast of force!
The mystic blast hits the two-headed ogre!
The two-headed ogre is severely wounded.
The two-headed ogre misses you.
The two-headed ogre hits you with a +0 giant club!!
You die...

######### . #......)# ..
#########.......#
...#########.>.O@...)...(..#
...'.........#######.......#
...########### #.....(.# #+#
#.......# .# #.......# #.#
####.######## ..# #........#
.### ##########'## ...#
#...........#


You could see a two-headed ogre.

Vanquished Creatures
  Erica (D:9)
  A two-headed ogre (D:9)
  A necromancer (D:9)
  Pikel (D:5)
  Maurice (D:9)
  Maggie (D:6)
  A komodo dragon (D:8)
  2 hornets
  Grinder (D:5)
  A shadow (D:10)
  A wyvern (D:9)
  Grum (D:8)
  10 yaks
  A steam dragon (D:7)
  Menkaure (D:5)
  Edmund (D:4)
  Duvessa (D:7)
  A water moccasin (D:7)
  3 orc warriors (D:9)
  A swamp drake (D:9)
  An ice beast (D:8)
  A sky beast (D:8)
  3 wolves (D:8)
  2 ogres
  3 centaurs (D:7)
  3 kobold brigands
  A gnoll sergeant (D:6)
  3 bullfrogs
  A necrophage (D:3)
  3 scorpions
  5 wights (D:8)
  Dowan (D:7)
  4 killer bees (D:9)
  3 howler monkeys (D:8)
  A crimson imp (D:6)
  2 jellies
  8 orc priests
  4 iguanas
  17 orc wizards
  A polar bear simulacrum (D:9)
  2 yak simulacra (D:9)
  3 wolf simulacra (D:9)
  7 gnolls
  7 adders
  A shadow imp (D:7)
  A white imp (D:6)
  An ufetubus (D:7)
  2 worms (D:2)
  38 orcs
  2 bats (D:2)
  6 endoplasms
  2 giant cockroaches (D:2)
  6 goblins
  3 hobgoblins
  2 jackals (D:1)
  A quokka (D:3)
  8 ball pythons
  23 kobolds
  7 rats
  5 river rat simulacra (D:9)
226 creatures vanquished.

Vanquished Creatures (others)
  A gnoll (D:3)
  28 fulminant prisms
  33 plants
62 creatures vanquished.

Grand Total: 288 creatures vanquished

Notes
Turn   | Place    | Note
-------+----------+-------------------------------------------
     0 | D:1      | Bruhh the Human Conjurer began the quest for the Orb.
     0 | D:1      | Reached XP level 1. HP: 13/13 MP: 3/3
   398 | D:1      | Found a faded altar of an unknown god.
   409 | D:1      | Reached XP level 2. HP: 5/19 MP: 5/5
  1702 | D:2      | Reached XP level 3. HP: 5/24 MP: 0/6
  2282 | D:2      | Learned a level 2 spell: Searing Ray
  2622 | D:2      | Identified the +0 robe "Deffomn" {+Inv Will+ Stlth+}
  3017 | D:3      | Reached XP level 4. HP: 30/30 MP: 5/8
  3620 | D:3      | Reached skill level 5 in Conjurations
  3620 | D:3      | Reached XP level 5. HP: 20/35 MP: 0/10
  3823 | D:3      | Reached XP level 6. HP: 41/41 MP: 6/11
  4540 | D:4      | Noticed Edmund
  4564 | D:4      | Killed Edmund
  4565 | D:4      | Reached XP level 7. HP: 20/46 MP: 0/14
  4856 | D:4      | Found a broken altar of Ashenzari.
  4879 | D:4      | Became a worshipper of Ashenzari the Shackled
  4996 | D:4      | Reached skill level 5 in Spellcasting
  5168 | D:4      | Found a hazy altar of Hepliaklqana.
  5171 | D:4      | Found an ornate altar of the Wu Jian Council.
  5175 | D:4      | Found a burning altar of Makhleb.
  5347 | D:4      | Found a staircase to the Ecumenical Temple.
  5886 | D:5      | Entered Level 5 of the Dungeon
  5935 | D:5      | Noticed Grinder
  6295 | D:5      | Noticed Menkaure
  6302 | D:5      | Killed Menkaure
  6303 | D:5      | Reached XP level 8. HP: 40/52 MP: 8/17
  6387 | D:5      | Noticed Pikel
  6480 | D:5      | Killed Grinder
  6481 | D:5      | Reached skill level 1 in Hexes
  6481 | D:5      | Reached skill level 1 in Translocations
  6657 | D:5      | Found a shadowy altar of Dithmenos.
  6699 | D:5      | Killed Pikel
  6700 | D:5      | Reached XP level 9. HP: 25/57 MP: 0/20
  7242 | D:5      | Reached * piety under Ashenzari
  7333 | D:5      | Learned a level 4 spell: Fulminant Prism
  7410 | D:5      | Learned a level 4 spell: Iskenderun's Mystic Blast
  7737 | D:6      | Noticed Maggie
  8018 | D:6      | Killed Maggie
  8263 | D:6      | Reached skill level 5 in Hexes
  8263 | D:6      | Reached skill level 5 in Translocations
  9797 | D:7      | Noticed Duvessa
  9798 | D:7      | Noticed Dowan
  9831 | D:7      | Killed Duvessa
  9832 | D:7      | Reached skill level 1 in Ice Magic
 10255 | D:7      | Killed Dowan
 10256 | D:7      | Reached XP level 10. HP: 39/63 MP: 17/22
 10456 | D:7      | Reached skill level 2 in Ice Magic
 10802 | D:8      | Reached skill level 3 in Ice Magic
 10807 | D:8      | Noticed Grum
 10845 | D:8      | Killed Grum
 10846 | D:8      | Reached skill level 4 in Ice Magic
 11238 | D:8      | Noticed a komodo dragon
 11255 | D:8      | Reached skill level 5 in Ice Magic
 12298 | D:8      | Found a staircase to the Lair.
 12331 | D:8      | Found a white marble altar of Elyvilon.
 12504 | D:8      | Killed a komodo dragon
 12515 | D:8      | Reached skill level 6 in Ice Magic
 13252 | D:9      | Reached skill level 7 in Ice Magic
 13427 | D:9      | Noticed a necromancer
 13433 | D:9      | Killed a necromancer
 13434 | D:9      | Reached XP level 11. HP: 57/68 MP: 11/25
 13650 | D:9      | Found a staircase to the Orcish Mines.
 13654 | D:9      | Reached skill level 8 in Ice Magic
 13655 | D:9      | Noticed a two-headed ogre
 13665 | D:9      | Noticed Erica
 13665 | D:9      | Noticed Maurice
 13666 | D:9      | Killed a two-headed ogre
 13667 | D:9      | Reached skill level 9 in Ice Magic
 13940 | D:9      | Killed Erica
 14359 | D:9      | Killed Maurice
 14360 | D:9      | Reached skill level 10 in Ice Magic
 14623 | D:9      | Reached skill level 1 in Transmutations
 15028 | D:10     | Entered Level 10 of the Dungeon
 15822 | D:10     | Noticed a two-headed ogre
 15844 | D:10     | Slain by a two-headed ogre

Illustrated notes

Levels and vault maps discovered:
D:1:      lightli_arrival_farm, layout_basic, basic_ecumenical_altar,
          minivault_4
D:2:      layout_loops_ring, minmay_tiny_reverse_x
D:3:      layout_rooms, lemuel_old_faithful
D:4:      layout_basic, cheibrodos_ashenzari_chains,
          grunt_temple_overflow_diamond, minmay_temple_entry_poolview,
          uniq_edmund
D:5:      layout_cave_pods, amcnicky_altar_gilded, uniq_grinder, uniq_menkaure,
          uniq_pikel
D:6:      layout_loops_ring, minmay_fire_ice_demons, uniq_maggie
D:7:      layout_cave_pools, uniq_duvessa
D:8:      layout_basic, mainiacjoe_overflow_cross_hatched, david_lair_shrubbed,
          uniq_grum
D:9:      layout_irregular_city, erik_orc_1, chequers_jeans,
          eino_house_with_fridge, uniq_erica, uniq_maurice
D:10:     layout_roguey, tso_altar, uniq_gastronok

Skill      XL: |  1  2  3  4  5  6  7  8  9 10 11 |
---------------+----------------------------------+-----
Spellcasting   | 3 4 6 7 8 |  8.6
Conjurations   | 5 6 7 |  7.0
Hexes          | 3 6 |  6.0
Translocations | 3 6 |  6.0
Ice Magic      | 1 7 10 | 10.7
Transmutations | 3 |  3.1
Dodging        | |  2.1
Stealth        | |  2.1

Action                   |  1- 3 |  4- 6 |  7- 9 | 10-12 || total
-------------------------+-------+-------+-------+-------++-------
Melee: Unarmed           |    11 |       |       |       ||    11
       Staff             |    53 |    11 |       |       ||    64
       Punch             |       |     1 |     1 |       ||     2
       Flail             |       |       |    27 |    53 ||    80
 Cast: Magic Dart        |    52 |    54 |       |       ||   106
       Searing Ray       |       |    10 |    58 |    15 ||    83
       Iskenderun's Myst |       |       |     7 |    83 ||    90
       Fulminant Prism   |       |       |     6 |    22 ||    28
Invok: Curse Item        |       |       |     2 |       ||     2
Evoke: Wand              |       |       |       |     1 ||     1
  Use: Potion            |     1 |     1 |     2 |     6 ||    10
       Scroll            |       |       |       |     3 ||     3
 Stab: Sleeping          |       |       |     1 |       ||     1
Armor: Robe              |    20 |     1 |    10 |    14 ||    45
       Skin              |       |       |    11 |    14 ||    25
Dodge: Dodged            |    64 |    20 |    73 |    98 ||   255

Table legend: (Time is in decaauts)
 A = Elapsed time spent in this place.
 B = Non-inter-level travel time spent in this place.
 C = Inter-level travel time spent in this place.
 D = Time resting spent in this place.
 E = Time spent auto-exploring this place.
 F = Levels seen in this place.
 G = Mean time per level.
                   A        B        C        D        E       F      G
               +--------+--------+--------+--------+--------+-----+--------+
         Total |  15919 |  15348 |    571 |   2369 |  11225 |  10 | 1591.9 |
       Dungeon |  15919 |  15348 |    571 |   2369 |  11225 |  10 | 1591.9 |
               +--------+--------+--------+--------+--------+-----+--------+

Top non-repeatable levels by time:
     D:9: 2097 daAuts
     D:7: 1999 daAuts
     D:2: 1854 daAuts
     D:4: 1773 daAuts
     D:5: 1706 daAuts
     D:1: 1618 daAuts
     D:6: 1582 daAuts
     D:8: 1428 daAuts
     D:3: 1037 daAuts
    D:10: 823 daAuts
